 Dungeon Crawl Stone Soup version 0.30.1-11-g7821555f0a (webtiles) character file.

Game seed: 554535763279376696

39 Ijustatesigmund the Conjurer (level 3, 0/34 HPs)
             Began as an Octopode Conjurer on Jan 11, 2024.
             Succumbed to an adder's poison
             ... on level 2 of the Dungeon.
             The game lasted 00:01:56 (1127 turns).

Ijustatesigmund the Conjurer (Octopode Conjurer)    Turns: 1127, Time: 00:01:56

Health: 0/34       AC:  1    Str:  6    XL:     3   Next: 45%
Magic:  6/6        EV: 13    Int: 22    God:
Gold:   43         SH:  0    Dex: 10    Spells: 6/7 levels left

rFire   . . .        c - +0 broad axe
rCold   . . .        (no shield)
rNeg    . . .        (helmet restricted)
rPois   .            (no amulet)
rElec   .            (no ring)
rCorr   .            (no ring)
SInv    .            (no ring)
Will    .....        (no ring) Stlth
                     (no ring)
HPRegen 0.25/turn    (no ring)
MPRegen 0.10/turn    (no ring)
                     (no ring)

%: no passive effects
@: brilliant, berserking, lethally poisoned (0 -> -7), very quick
A: almost no armour, amphibious, 8 rings, camouflage 1, gelatinous body 1,
(nimble swimmer 1), tentacles
a: no special abilities


You were on level 2 of the Dungeon.
You visited 1 branch of the dungeon, and saw 2 of its levels.

You collected 43 gold pieces.

Inventory:

Hand Weapons
 c - a +0 broad axe (weapon)
Armour
 e - a +0 kite shield
Scrolls
 d - a scroll of immolation {unknown}
Potions
 a - a potion of magic


   Skills:
 - Level 1.0 Fighting
 + Level 1.0 Axes
 - Level 2.0 Dodging
 - Level 2.6 Stealth
 + Level 2.5 Spellcasting
 + Level 4.4 Conjurations


You had 6 spell levels left.
You knew the following spells:

 Your Spells              Type           Power      Damage    Failure   Level
a - Magic Dart            Conj           100%       1d8       2%          1

Your spell library contained the following spells:

 Spells                   Type           Power      Damage    Failure   Level
 Searing Ray              Conj           66%        2d6       3%          2
 Dazzling Flash           Conj/Hex       36%        N/A       16%         3
 Volatile Blastmotes      Fire/Tloc      8%         2d10      36%         3
 Fulminant Prism          Conj/Hex       9%         3d6       45%         4
 Iskenderun's Mystic Bla  Conj/Tloc      18%        2d6       45%         4
 Lee's Rapid Deconstruct  Erth           2%         3d4*      98%         5


Dungeon Overview and Level Annotations

Branches:
Dungeon (2/15)

Altars:
Trog


Innate Abilities, Weirdness & Mutations

You cannot wear most types of armour.
You are amphibious.
You can wear up to eight rings at the same time.
Your skin changes colour to match your surroundings (Stealth+).
Your rubbery body absorbs attacks. (AC +1, EV +1)
((You are camouflaged when in or above water. (Stealth+)))
You have tentacles for arms and can constrict up to eight enemies at once.


Message History

You kill the kobold!
No target in view!
No target in view!
No target in view!
No target in view!
Things that are here:
a +0 short sword; a kobold corpse
Things that are here:
a +0 short sword; a kobold corpse An adder comes into view.
The adder closely misses you. The adder bites you.
You are poisoned.
The adder poisons you!
You closely miss the adder. Your grab misses the adder.
You feel very sick. The adder barely misses you. x2
You completely miss the adder. Your grab misses the adder.
You feel sick. The adder bites you.
You are more poisoned.
The adder poisons you! The adder bites you.
You closely miss the adder. Your grab misses the adder.
You feel very sick. The adder bites you.
You are lethally poisoned!
The adder poisons you! The adder bites you.
* * * LOW HITPOINT WARNING * * *
You are too injured to fight recklessly!
There is a lethal amount of poison in your body!
It was a potion of brilliance.
You feel clever all of a sudden.
* * * LOW HITPOINT WARNING * * *
You feel very sick. The adder barely misses you.
It was a potion of berserk rage.
A red film seems to cover your vision as you go berserk!
You feel yourself moving faster!
You feel mighty!
* * * LOW HITPOINT WARNING * * *
You feel sick. The adder misses you.
You closely miss the adder. You grab the adder. You constrict the adder.
You die...

#....#######.#
#....#.......#
#....#.......# .
##....#.......# ..
.#....#†......### ...
................. ....
.######......######.....
.# ###.####......###. .#
###........@....... .#
#....####...S..#... ##
#....# #....### # #....#
###### # ######..#######
###....#........##
.....#.#.........#
.#####)#........##
.##....#.......##


You could see an adder.

Vanquished Creatures
  A worm (D:2)
  3 bats
  3 endoplasms (D:1)
  A giant cockroach (D:2)
  2 goblins (D:1)
  3 hobgoblins (D:1)
  8 jackals
  3 quokkas
  A frilled lizard (D:1)
  3 kobolds
  2 rats
30 creatures vanquished.

Notes
Turn   | Place    | Note
-------+----------+-------------------------------------------
     0 | D:1      | Ijustatesigmund the Octopode Conjurer began the quest for
                  | the Orb.
     0 | D:1      | Reached XP level 1. HP: 11/11 MP: 3/3
   114 | D:1      | Reached XP level 2. HP: 13/18 MP: 1/5
   410 | D:1      | Reached skill level 1 in Fighting
   650 | D:1      | Reached XP level 3. HP: 23/23 MP: 4/6
   818 | D:2      | Found a bloodstained altar of Trog.
   854 | D:2      | Found a faded altar of an unknown god.
   887 | D:2      | Reached skill level 1 in Axes
  1127 | D:2      | Succumbed to an adder's poison

Illustrated notes

Levels and vault maps discovered:
D:1:      wander_arrival_peaceful_grave, layout_basic,
          minmay_misc_feat_nine_boxes, serial_bayou_lake_a
D:2:      layout_basic, basic_altar, basic_ecumenical_altar, grunt_ministairs_4

Skill      XL: |  1  2  3 |
---------------+----------+-----
Fighting       | 1 |  1.0
Axes           | 1 |  1.0
Dodging        | |  2.0
Stealth        | |  2.6
Spellcasting   | |  2.5
Conjurations   | |  4.4

Action                     || total
---------------------------++-------
  Melee: Unarmed           ||    13
         Constrict         ||     9
         Tentacles         ||     6
         Broad axe         ||    24
   Cast: Magic Dart        ||    33
    Use: Potion            ||     2
   Stab: Sleeping          ||     1
 Armour: Skin              ||     4
  Dodge: Dodged            ||    48
